 Dungeon Crawl Stone Soup version 0.19-a0-1714-gcab94ab (webtiles) character file.

274 kae the Slasher (level 6, 0/70 HPs)
             Began as a Formicid Fighter on Sept 28, 2016.
             Slain by an orc
             ... wielding a +0 flail
              (2 damage)
             ... on level 3 of the Dungeon.
             The game lasted 00:01:50 (1850 turns).

kae the Slasher (Formicid Fighter)                  Turns: 1850, Time: 00:01:51

Health: 0/70       AC: 24    Str: 28      XL:     6   Next: 49%
Magic:  6/6        EV:  2    Int:  7      God:
Gold:   45         SH: 10    Dex: 13 (15) Spells: 0 memorised, 5 levels left

rFire  . . .     SeeInvis .     a - +0 long sword
rCold  . . .     Gourm    .     (armour currently unavailable)
rNeg   + + +     Faith    .     c - +0 shield
rPois  +         Spirit   .     (helmet unavailable)
rElec  .         Dismiss  .     (cloak currently unavailable)
rCorr  .         Reflect  .     (gloves currently unavailable)
MR     .....     Harm     .     (boots currently unavailable)
Stlth  ++........               (no amulet)
                                (no ring)
                                (no ring)

@: mighty, agile, lethally poisoned (0 -> -8), tree-form
A: permanent stasis, dig shafts and tunnels, four strong arms, (antennae 0)
a: no special abilities


You were on level 3 of the Dungeon.
You were not hungry.
You were a tree.
You visited 1 branch of the dungeon, and saw 3 of its levels.

You collected 45 gold pieces.

Inventory:

Hand Weapons
 a - a +0 long sword (weapon)
Armour
 b - a +0 scale mail (melded)
 c - a +0 shield (worn)
Jewellery
 g - a cursed -6 ring of dexterity {unknown}
 h - an uncursed ring of stealth {unknown}
 o - an uncursed ring of resist corrosion {unknown}
 s - an uncursed ring of resist corrosion {unknown}
 w - an uncursed ring of poison resistance {unknown}
Scrolls
 j - 3 scrolls of recharging {unknown}
 k - a scroll of amnesia {unknown}
 m - 4 scrolls of identify {unknown}
 q - a scroll of enchant weapon {unknown}
 r - 2 scrolls of remove curse {unknown}
Potions
 d - a potion of might
 t - 2 potions of lignification
Comestibles
 f - a bread ration
 n - a beef jerky
 p - 2 royal jellies
 z - a meat ration
 A - 13 chunks of flesh


   Skills:
 - Level 3.2 Fighting
 + Level 6.4 Long Blades
 - Level 3.2 Armour
 - Level 3.6 Shields


You had 5 spell levels left.
You didn't know any spells.

Dungeon Overview and Level Annotations

Branches:
Dungeon (3/15)

Altars:
Ru


Innate Abilities, Weirdness & Mutations

You are under a permanent stasis effect.
You can dig through walls and to a lower floor.
Your four strong arms can wield two-handed weapons with a shield.
((You have a pair of large antennae on your head. (SInv)))


Message History

Unknown command.
You hit the orc wizard.
The orc wizard is heavily wounded.
* * * LOW HITPOINT WARNING * * *
You feel sick.
The orc wizard points at you and mumbles some strange words.
The puff of frost hits you!
* * * LOW HITPOINT WARNING * * *
The orc hits you but does no damage. You block the orc's attack.
The orc hits you but does no damage. You block something's attack.
The orc hits you but does no damage.
You slash the orc wizard!
You kill the orc wizard!
You feel your strength returning.
* * * LOW HITPOINT WARNING * * *
You feel sick. You block the orc's attack. x2
The orc hits you but does no damage. Something hits you.
* * * LOW HITPOINT WARNING * * *
The orc hits you with a flail.
You die...

# # {#. .#.#
#.#####.#. .
{#........ .#
.....#'## .
#......#
#.{o†..# ####
#.o♣o..###
....
#.o))....#
###
#......(.##.#
+...........#
#..))....####
###......#
#......#
#.###......#
#......#####


You could see 4 orcs.

Vanquished Creatures
  A scorpion (D:3)
  2 orc priests (D:3)
  3 orc wizards (D:3)
  2 adders
  2 worms (D:2)
  9 orcs (D:3)
  2 giant cockroaches
  6 goblins
  4 hobgoblins
  A ball python (D:2)
  5 bats
  3 frilled lizards
  10 kobolds
  7 rats
57 creatures vanquished.

Notes
Turn   | Place    | Note
-------+----------+-------------------------------------------
     0 | D:1      | kae the Formicid Fighter began the quest for the Orb.
     0 | D:1      | Reached XP level 1. HP: 18/18 MP: 1/1
   185 | D:1      | Reached XP level 2. HP: 16/24 MP: 2/2
   282 | D:1      | Reached skill level 3 in Long Blades
   584 | D:2      | Found a sacrificial altar of Ru.
   658 | D:2      | Reached XP level 3. HP: 29/29 MP: 3/3
  1249 | D:2      | Reached XP level 4. HP: 34/35 MP: 4/4
  1413 | D:2      | Reached skill level 4 in Long Blades
  1796 | D:3      | Reached XP level 5. HP: 38/41 MP: 5/5
  1838 | D:3      | Reached skill level 5 in Long Blades
  1844 | D:3      | Reached skill level 6 in Long Blades
  1844 | D:3      | Reached XP level 6. HP: 20/47 MP: 6/6
  1850 | D:3      | HP: 3/70 [poisoned by an orc wizard]
  1850 | D:3      | Slain by an orc

Vault maps used:
D:1:      lightli_arrival_windingriver, minmay_misc_feat_x
D:2:      nicolae_ru_sacrificial_ziggurat
D:3:      first_bread, minmay_misc_feat_cross, kennysheep_decorative_pillar

Skill      XL: |  1  2  3  4  5 |
---------------+----------------+-----
Long Blades    | 3 4 6 |  6.4
Fighting       | |  3.2
Armour         | |  3.2
Shields        | |  3.6

Action                   |  1- 3 |  4- 6 || total
-------------------------+-------+-------++-------
Melee: Long sword        |    96 |    92 ||   188
  Use: Potion            |       |     8 ||     8
  Eat: Chunk             |       |     3 ||     3
Armor: Scale mail        |    30 |    25 ||    55
       Skin              |       |    60 ||    60
Dodge: Dodged            |    40 |    30 ||    70
Block: Shield            |    44 |    55 ||    99
